 Dungeon Crawl Stone Soup version 0.27-a0-263-gc8dee61f84 (webtiles) character file.

Game seed: 10427302212583858706

179 hatsuma the Digger (level 5, -2/33 HPs)
             Began as a Gargoyle Earth Elementalist on Feb 4, 2021.
             Was an Initiate of the Shining One.
             Slain by a leopard gecko (4 damage)
             ... on level 3 of the Dungeon.
             The game lasted 00:33:15 (3281 turns).

hatsuma the Digger (Gargoyle Earth Elementalist)    Turns: 3281, Time: 00:33:15

Health: -2/33      AC:  7    Str: 12    XL:     5   Next: 59%
Magic:  6/8        EV: 11    Int: 16    God:    the Shining One [......]
Gold:   89         SH:  0    Dex: 10    Spells: 2/8 levels left

rFire    . . .     SeeInvis .   i - +0 club
rCold    . . .     Faith    .   (no shield)
rNeg     + . .     Spirit   .   s - +0 leather armour
rPois    ∞         Reflect  .   (no helmet)
rElec    +         Harm     .   (no cloak)
rCorr    .         Rampage  .   (no gloves)
Will     .....                  (no boots)
Stlth    +.........             (no amulet)
HPRegen  0.11/turn              (no ring)
MPRegen  0.11/turn              (no ring)

@: slowed, glowing, very slow
A: negative energy resistance 1, electricity resistance, unbreathing,
petrification resistance, miasma immunity, AC +4
a: Renounce Religion


You were on level 3 of the Dungeon.
You worshipped the Shining One.
The Shining One was noncommittal.
You visited 1 branch of the dungeon, and saw 3 of its levels.

You collected 89 gold pieces.

Inventory:

Hand Weapons
 i - a +0 club (weapon)
Missiles
 h - 12 poisoned darts (quivered)
Armour
 d - a +0 kite shield
 g - a +0 ring mail
 l - a +0 ring mail
 m - a +0 tower shield
 s - a +0 leather armour (worn)
Jewellery
 r - an uncursed amulet of faith {unknown}
Scrolls
 a - a scroll of amnesia
 b - a scroll of noise {unknown}
 c - a scroll of enchant weapon {unknown}
 e - 2 scrolls of remove curse {unknown}
 f - a scroll of teleportation
 k - 3 scrolls of immolation
 o - a scroll of random uselessness {unknown}
 u - a scroll of blinking {unknown}
Potions
 j - 3 potions of curing
 n - a potion of haste {unknown}
 p - a potion of flight {unknown}
 q - a potion of magic {unknown}
 t - a potion of heal wounds {unknown}


   Skills:
 + Level 4.0 Fighting
 - Level 2.0 Dodging
 - Level 2.1 Stealth
 - Level 1.0 Shields
 - Level 2.0 Spellcasting
 - Level 0.7 Transmutations
 - Level 5.1 Earth Magic


You had 2 spell levels left.
You knew the following spells:

 Your Spells              Type           Power        Failure   Level
a - Sandblast             Erth           34%          3%          1
b - Passwall              Tmut/Erth      8%           12%         2
c - Stone Arrow           Conj/Erth      18%          28%         3

Your spell library contained the following spells:

 Spells                   Type           Power        Failure   Level
 Petrify                  Tmut/Erth      10%          63%         4
 Lee's Rapid Deconstruct  Erth           8%           65%         5


Dungeon Overview and Level Annotations

Branches:
Dungeon (3/15)

Altars:
Hepliaklqana
Kikubaaqudgha
Makhleb
Nemelex Xobeh
The Shining One

Annotations:
D:3 Natasha


Innate Abilities, Weirdness & Mutations

You are resistant to torment.
Your stone body is resilient. (AC +4)
You are immune to poison.
You resist negative energy. (rN+)
You are resistant to electric shocks. (rElec)
You can survive without breathing.
You are immune to petrification.
You are immune to miasma.


Message History

Natasha claws you.
* * * LOW HITPOINT WARNING * * *
As you read the scroll of teleportation, it crumbles to dust.
You feel strangely unstable. Natasha closely misses you.
Natasha claws you but does no damage.
The crimson imp grins evilly.
Natasha claws you but does no damage.
Your surroundings suddenly seem different.
A leopard gecko comes into view.
The leopard gecko hisses angrily.
A dart slug comes into view.
The dart slug launches a dart at you. The slug dart hits you.
* * * LOW HITPOINT WARNING * * *
You hit the dart slug.
The dart slug is moderately wounded.
The dart slug bites you.
* * * LOW HITPOINT WARNING * * *
The leopard gecko bites you.
You die...

†......##.#
#.>....# #
##.#
.###...#
#.. ##
##.## #.. #
#.# #.. #.#
##.## #.#
... . ...
#w# ## ##@#
#.l# #.##
#. .. ##.
#. #. #.


You could see a dart slug and a leopard gecko.

Vanquished Creatures
  Jessica (D:2)
  Natasha (D:3)
  A hound skeleton (D:2)
  2 adders (D:2)
  4 gnolls
  An ooze (D:1)
  A worm (D:2)
  3 dart slugs (D:1)
  2 leopard geckos
  3 giant cockroaches (D:2)
  3 goblins (D:1)
  7 hobgoblins
  4 kobolds
  A quokka (D:2)
  6 bats
  6 frilled lizards
  3 rats (D:1)
49 creatures vanquished.

Vanquished Creatures (others)
  5 plants
5 creatures vanquished.

Grand Total: 54 creatures vanquished

Notes
Turn   | Place    | Note
-------+----------+-------------------------------------------
     0 | D:1      | hatsuma the Gargoyle Earth Elementalist began the quest for
                  | the Orb.
     0 | D:1      | Reached XP level 1. HP: 10/10 MP: 3/3
   336 | D:1      | Reached skill level 1 in Fighting
   364 | D:1      | Reached XP level 2. HP: 17/17 MP: 0/5
   720 | D:1      | Learned a level 2 spell: Passwall
   760 | D:1      | Reached XP level 3. HP: 21/21 MP: 2/6
   763 | D:1      | Reached skill level 1 in Shields
   821 | D:1      | Learned a level 3 spell: Stone Arrow
  1388 | D:2      | Found a glowing golden altar of the Shining One.
  1390 | D:2      | Found a burning altar of Makhleb.
  1410 | D:2      | Found a hazy altar of Hepliaklqana.
  1481 | D:2      | Reached XP level 4. HP: 17/28 MP: 4/7
  1630 | D:2      | Became a worshipper of the Shining One
  1907 | D:2      | Noticed Jessica
  1910 | D:2      | Killed Jessica
  1911 | D:2      | Reached skill level 4 in Earth Magic
  2207 | D:2      | Found an ancient bone altar of Kikubaaqudgha.
  2207 | D:2      | Found a sparkling altar of Nemelex Xobeh.
  2319 | D:3      | Reached XP level 5. HP: 33/33 MP: 6/8
  2325 | D:3      | Noticed Natasha
  2399 | D:3      | Killed Natasha
  2412 | D:2      | Reached skill level 5 in Earth Magic
  3261 | D:3      | Noticed Natasha
  3281 | D:3      | Slain by a leopard gecko

Illustrated notes

Levels and vault maps discovered:
D:1:      dpeg_arrival_water_fire, layout_basic, minivault_11, st_stairs_11
D:2:      layout_basic, gammafunk_temple_overflow_forgotten,
          gammafunk_temple_overflow_wave, uniq_jessica
D:3:      layout_loops_ring, uniq_natasha

Skill      XL: |  1  2  3  4  5 |
---------------+----------------+-----
Fighting       | 1 2 3 4 |  4.0
Dodging        | 2 |  2.0
Shields        | 1 |  1.0
Earth Magic    | 4 5 |  5.1
Stealth        | |  2.1
Spellcasting   | |  2.0
Transmutations | |  0.7

Action                   |  1- 3 |  4- 6 || total
-------------------------+-------+-------++-------
Melee: Unarmed           |    17 |       ||    17
       Club              |    42 |   134 ||   176
Throw: Dart              |       |     3 ||     3
 Cast: Sandblast         |    26 |    15 ||    41
       Stone Arrow       |       |     1 ||     1
  Use: Scroll            |       |     5 ||     5
Armor: Robe              |    28 |     8 ||    36
       Leather armour    |       |    55 ||    55
Dodge: Dodged            |    65 |   100 ||   165

Table legend: (Time is in decaauts)
 A = Elapsed time spent in this place.
 B = Non-inter-level travel time spent in this place.
 C = Inter-level travel time spent in this place.
 D = Time resting spent in this place.
 E = Time spent auto-exploring this place.
 F = Levels seen in this place.
 G = Mean time per level.
                   A        B        C        D        E       F      G
               +--------+--------+--------+--------+--------+-----+--------+
         Total |   3367 |   3287 |     80 |    998 |     33 |   3 | 1122.3 |
       Dungeon |   3367 |   3287 |     80 |    998 |     33 |   3 | 1122.3 |
               +--------+--------+--------+--------+--------+-----+--------+

Top non-repeatable levels by time:
     D:2: 1717 daAuts
     D:1: 1274 daAuts
     D:3: 376 daAuts
